 Dungeon Crawl Stone Soup version 0.29.1-12-g30fa7ad0bf (webtiles) character file.

Game seed: 13894900439633448243

43 unlimited1921 the Magician (level 3, 0/25 HPs)
             Began as a Djinni Fire Elementalist on Jan 9, 2023.
             Slain by a goblin
             ... wielding a +0 dagger
             ... led by Robin
              (1 damage)
             ... on level 2 of the Dungeon.
             The game lasted 00:04:35 (2422 turns).

unlimited1921 the Magician (DjFE)                   Turns: 2422, Time: 00:04:35

Health: 0/25       AC:  2    Str:  7    XL:     3   Next: 82%
Gold:   141        EV: 12    Int: 18    God:
                   SH:  0    Dex: 13

rFire   + + .      SeeInvis .   (no weapon)
rCold   x . .      Faith    .   c - orb {*Rage}
rNeg    . . .      Spirit   .   a - +0 robe
rPois   ∞          Reflect  .   (no helmet)
rElec   .          Harm     .   (no cloak)
rCorr   .          Rampage  .   (no gloves)
Will    .....      Rage     20% (boots unavailable)
Stlth   ++........              (no amulet)
HPRegen 0.08/turn               (no ring)
MPRegen 0.00/turn               (no ring)

@: flying, hasted, very quick
A: sickness immunity, fire resistance 2, cold vulnerability 1, float, innate
caster, HP casting, extra vitality 1
a: no special abilities


You were on level 2 of the Dungeon.
You visited 1 branch of the dungeon, and saw 2 of its levels.

You collected 141 gold pieces.

Inventory:

Armour
 a - a +0 robe (worn)
 c - an orb of wrath (worn)
Scrolls
 f - a scroll of identify {unknown}
Potions
 b - a potion of magic {unknown}
 d - a potion of flight {unknown}
 e - a potion of curing {unknown}
 g - a potion of haste


   Skills:
 + Level 2.4 Dodging
 + Level 1.9 Stealth
 + Level 3.3 Spellcasting


You couldn't memorise any spells.
You knew the following spells:

 Your Spells              Type           Power      Damage    Failure   Level
a - Foxfire               Conj/Fire      60%        2x1d7     4%          1
b - Scorch                Fire           30%        2d7       6%          2
c - Conjure Flame         Conj/Fire      15%        6-21      12%         3
d - Inner Flame           Hex/Fire       15%        N/A       12%         3
e - Flame Wave            Conj/Fire      15%        2d7       36%         4
f - Summon Small Mammal   Summ           60%        N/A       4%          1
Your spell library was empty.

Dungeon Overview and Level Annotations

Branches:
Dungeon (2/15)

Altars:

Annotations:
D:2 Robin


Innate Abilities, Weirdness & Mutations

You are immune to sickness and miasma.
You are immune to poison.
Your flesh is very heat resistant. (rF++)
You are vulnerable to cold. (rC-)
You float through the air rather than walking.
You learn spells naturally, not from books.
Your magical power is your life essence.
You have superior vitality. (+4 MHP)


Message History

Unknown command.
Unknown command.
You conjure some foxfire!
A goblin comes into view. It is wielding a +0 club.
A bat comes into view.
The foxfire hits Robin.
Robin is lightly wounded.
The foxfire hits Robin.
Robin is heavily wounded.
Robin roars a battlecry!
The hobgoblin goes into a battle-frenzy!
You conjure some foxfire!
Robin throws the goblin at you!
The foxfire hits the goblin.
You kill the goblin!
The foxfire hits Robin.
Robin is severely wounded.
You conjure some foxfire!
Robin throws the goblin at you! The goblin hits you with a +0 club.
A hobgoblin comes into view.
The goblin attacks as you move away! The goblin hits you with a +0 club.
* * * LOW HITPOINT WARNING * * *
The foxfire hits the goblin.
You kill the goblin!
The foxfire hits Robin.
Robin is almost dead.
Robin throws the goblin at you!
* * * LOW HITPOINT WARNING * * *
The goblin misses you.
Casting: Foxfire (safe; 4% risk of failure)
Confirm with . or Enter, or press ? or * to list all spells.
Okay, then.
Unknown command.
Casting: Foxfire (safe; 4% risk of failure)
Confirm with . or Enter, or press ? or * to list all spells.
Okay, then.
Unknown command.
It was a potion of haste.
You feel yourself speed up.
An adder comes into view.
The goblin hits you with a +0 dagger.
You die...

#..........g ....
#......).gg .....
.......S.g ...... ...
.......b. (.... ...
........######.... ...
......g.g.....# §######..
.##....gg.§...##...##....
#......)................
#......@.)..............
........g#####...........
.......####.....##+##....
....... #..........##....
....... #.........###....
.......+..........#######
.... ##................
.... #................
#................


You could see Robin, an adder, 2 hobgoblins, 2 goblins and a bat.

Vanquished Creatures
  An adder (D:2)
  2 dart slugs
  A ball python (D:1)
  2 endoplasms (D:1)
  12 goblins
  2 hobgoblins (D:2)
  4 kobolds
  A quokka (D:1)
  A frilled lizard (D:1)
  A rat (D:1)
27 creatures vanquished.

Vanquished Creatures (others)
  119 foxfires
119 creatures vanquished.

Grand Total: 146 creatures vanquished

Notes
Turn   | Place    | Note
-------+----------+-------------------------------------------
     0 | D:1      | unlimited1921 the Djinni Fire Elementalist began the quest
                  | for the Orb.
     0 | D:1      | unlimited1921 set off with the following spells memorised:
                  | Foxfire, Scorch, Conjure Flame, Inner Flame, Flame Wave.
     0 | D:1      | Reached XP level 1. HP: 15/15 MP: 0/0
   225 | D:1      | Found a faded altar of an unknown god.
   329 | D:1      | Reached XP level 2. HP: 3/21 MP: 0/0
  1469 | D:1      | Reached skill level 3 in Spellcasting
  1723 | D:1      | Reached XP level 3. HP: 23/25 MP: 0/0
  1723 | D:1      | Learned a level 1 spell: Summon Small Mammal
  2415 | D:2      | Noticed Robin
  2421 | D:2      | HP: 1/25 [Robin/goblin (3)]
  2422 | D:2      | Slain by a goblin

Illustrated notes

Levels and vault maps discovered:
D:1:      heliophobic_arrival_dark_side_of_the_moon, layout_basic,
          ebering_ecumenical_altar_sacrificial
D:2:      layout_basic, kennysheep_generic_room_16, uniq_robin

Skill      XL: |  1  2 |
---------------+-------+-----
Spellcasting   | 3 |  3.3
Dodging        | |  2.4
Stealth        | |  1.9

Action                   || total
-------------------------++-------
 Cast: Foxfire           ||    76
  Use: Potion            ||     1
Dodge: Dodged            ||     5
